 Dungeon Crawl Stone Soup version 0.31-b1-20-g67cafac56d (webtiles) character file.

Game seed: 12837772440276423150

30 Esekla the Sneak (level 3, 19/26 HPs)
             Began as an Octopode Delver on Jan 18, 2024.
             Quit the game on level 5 of the Dungeon.
             The game lasted 00:00:47 (68 turns).

Esekla the Sneak (Octopode Delver)                    Turns: 68, Time: 00:00:47

Health: 19/26      AC:  1    Str: 11    XL:     3   Next: 18%
Magic:  3/3        EV: 13    Int: 14    God:
Gold:   20         SH:  0    Dex: 13    Spells: 3/3 levels left

rFire   . . .        a - +0 falchion
rCold   . . .        (no shield)
rNeg    . . .        (helmet restricted)
rPois   .            (no amulet)
rElec   .            (no ring)
rCorr   .            (no ring)
SInv    .            (no ring)
Will    .....        (no ring)
Stlth   ++++         (no ring)
HPRegen 0.24/turn    (no ring)
MPRegen 0.08/turn    (no ring)
                     (no ring)

%: no passive effects
@: no status effects
A: almost no armour, amphibious, 8 rings, camouflage 1, gelatinous body 1,
(nimble swimmer 1), tentacles
a: no special abilities


You were on level 5 of the Dungeon.
You visited 1 branch of the dungeon, and saw 1 of its levels.

You collected 20 gold pieces.

Inventory:

Hand Weapons
 a - a +0 falchion (weapon)
Wands
 f - a wand of digging (3)
Scrolls
 b - a scroll of fog
 c - 3 scrolls of enchant armour {unknown}
 d - a scroll of fear
 g - 2 scrolls of identify {unknown}
Potions
 e - a potion of haste


   Skills:
 * Level 3.2 Fighting
 * Level 2.2 Long Blades
 * Level 2.2 Dodging
 + Level 7.2 Stealth
 * Level 0.6 Spellcasting


You had 3 spell levels left.
You didn't know any spells.
Your spell library was empty.

Dungeon Overview and Level Annotations

Branches:
Dungeon (5/15)
 Temple: D:4-7

Altars:
Yredelemnul

Annotations:
D:5 Menkaure


Innate Abilities, Weirdness & Mutations

You cannot wear most types of armour.
You are amphibious.
You can wear up to eight rings at the same time.
Your skin changes colour to match your surroundings (Stealth+).
Your rubbery body absorbs attacks. (AC +1, EV +1)
((You are camouflaged when in or above water. (Stealth+)))
You have tentacles for arms and can constrict up to eight enemies at once.


Message History

The hound is heavily wounded.
The hound misses you. The hound closely misses you.
You hit the hound but do no damage. You grab the hound.
The hound is heavily wounded.
You constrict the hound, but do no damage.
The hound misses you. x2
You slash the hound!
The hound is almost dead.
You constrict the hound. The hound barely misses you.
You barely miss the hound. You squeeze the hound.
You kill the hound!
Your Stealth skill increases to level 7!
You have reached level 2!
You have reached level 3!
Your experience leads to an increase in your attributes!
Increase (S)trength, (I)ntelligence, or (D)exterity?
You feel clever. x2
Found 3 stones.
Found 12 gold pieces.
Found 8 gold pieces.
You open the door.
An orc comes into view. It is wielding a +0 mace.
There is an open door here.
Found a scroll labelled ENIHEOB SOCAAS.
The helpless orc fails to defend itself.
You hit the orc. Your grab misses the orc. Your squeeze misses the orc.
The orc is severely wounded.
The orc hits you with a +0 mace! The orc hits you with a +0 mace.
You barely miss the orc. You grab the orc. You squeeze the orc.
You kill the orc!
You now have 12 gold pieces.
You now have 20 gold pieces (gained 8).
You hear the slow hiss of a distant avalanche of sand.
Found a scroll labelled ENIHEOB SOCAAS.
Found 4 stones.
g - a scroll labelled ENIHEOB SOCAAS
g - 2 scrolls labelled ENIHEOB SOCAAS (gained 1)
An ogre comes into view. It is wielding a +0 giant club.
Found a basalt altar of Yredelemnul.
Are you sure you want to abandon this character and quit the game? (Confirm with "yes".)

,,,,,,,,##.##..........*
,,,,,,,,+O.##..........*
,,,,,,,,*#.#...........*
*******,*#.#...........*
*****,,##............,*
**,,,,,*#..........#****
,,,**####..........#
,,,,*#.............#
,*#.##(#.#######@.##
,*#......# #.....#
.###...#.# #.P.P.#
,......#.# #.._..#
,##.####.# **#.P.P.#
##.......# *,......#
+..#.....# *.....###
*#.#.....###...###***
##.........+,,,+,,,,*


There were no monsters in sight!

Vanquished Creatures
  A hound (D:5)
  An orc (D:5)
2 creatures vanquished.

Notes
Turn   | Place    | Note
-------+----------+-------------------------------------------
     0 | D:5      | Esekla the Octopode Delver began the quest for the Orb.
     0 | D:5      | Reached XP level 1. HP: 16/16 MP: 1/1
     1 | D:5      | Noticed Menkaure
    12 | D:5      | Noticed a hound
    25 | D:5      | Killed a hound
    26 | D:5      | Reached skill level 7 in Stealth
    26 | D:5      | Reached XP level 2. HP: 21/21 MP: 2/2
    26 | D:5      | Reached XP level 3. HP: 26/26 MP: 3/3
    61 | D:5      | Noticed an ogre
    66 | D:5      | Found a basalt altar of Yredelemnul.
    68 | D:5      | Quit the game

Illustrated notes

Levels and vault maps discovered:
D:5:      layout_basic, yredelemnul_altar_generic, enter_ossuary_2,
          uniq_menkaure

Skill      XL: |  1 |
---------------+----+-----
Stealth        | 7 |  7.2
Fighting       | |  3.2
Long Blades    | |  2.2
Dodging        | |  2.2
Spellcasting   | |  0.6

Action                     || total
---------------------------++-------
  Melee: Falchion          ||     6
         Constrict         ||     2
         Tentacles         ||     2
    Use: Scroll            ||     1
   Stab: Sleeping          ||     1
 Armour: Skin              ||     2
  Dodge: Dodged            ||     5
